Unix NetHack Version 5.0.0-0 post-release - last build May 17 2026 04:57:42 (dc50c8380fa5e20985bfe3072449f57b8d9895ef,branch:main).

Game began 2026-05-21 01:14:20, ended 2026-05-21 01:40:20.

DeathOnAStick, neutral male human Tourist

                                                                    -------
                                                                    |.....|
                                                                   #|.....|
                                                                   #|.<...|
                         @#####################        -------   ###......|
                      ####                    #        |>....|    # |(....|
                                              #        |.....|    # -------
                                              #        |.....| ####
                                              #        |....%.##
                                              #        |.....|##
                                       @      #        |...%.-##
                                              ##       -------###
                                              #                 #
                                              #                 ##
                                              ######################
                                                      ####        # -.---+----
                                                                  # |........|
                                                                  ##.........|
                                                                    ----------

DeathOnAStick the Sightseer  St:12 Dx:10 Co:18 In:12 Wi:7 Ch:18  Neutral S:1077
Dlvl:6  $:424 HP:0(38) Pw:12(12) AC:10 Xp:4/151 T:2160  Blind

Latest messages:
 F - 2 orange potions.
 H - a swirly potion.
 p - 4 potions of healing.
 R - a copper ring.
 G - a tiger eye ring.
 I - a wire ring.
 x - a key.
 U - an uncursed credit card.
 v - an expensive camera (0:47).
 S - a tin opener.
 P - a black gem.
 A - a violet gem.
 N - a white gem.
 u - 2 white gems.
 It hits!
 It hits again!
 It hits!
 It hits again!
 It hits!
 It hits again!
 It hits!
 It hits again!
 It hits!
 It hits again!
 It hits!
 It hits again!
 It hits!
 It hits again!
 It hits!
 It hits again!
 It hits!
 It hits again!
 It hits!
 It hits again!
 It hits!
 It hits again!
 It hits!
 It hits again!
 It hits!
 It hits again!
 It hits!
 It hits again!
 It hits!
 It hits again!
 You die...
 Do you want your possessions identified? [ynq] (y) y
 Do you want to see your attributes? [ynq] (y) y
 Do you want an account of creatures vanquished? [ynaq] (y) y
 Do you want to see your conduct and achievements? [ynq] (y) y
 Do you want to see the dungeon overview? [ynq] (y) y

Inventory:
 Coins    ('$')
  $ - 424 gold pieces
 Weapons  (')')
  b - 16 +2 darts
  a - a +0 orcish dagger
  C - a +0 long sword
 Armor    ('[')
  Q - an uncursed +0 dwarvish iron helm
  y - an uncursed +0 orcish helm
  q - an uncursed +0 pair of leather gloves
  j - an uncursed +0 Hawaiian shirt with a tropical fish motif
  T - an uncursed +0 elven mithril-coat
 Comestibles  ('%')
  c - an uncursed randomfruit
  f - an uncursed cram ration
  E - 11 uncursed food rations
  e - an uncursed tin of candied kobold meat
 Scrolls  ('?')
  O - an uncursed scroll of blank paper
  J - an uncursed scroll of confuse monster
  K - a cursed scroll of create monster
 Potions  ('!')
  M - an uncursed potion of blindness
  s - an uncursed potion of gain energy
  p - 4 uncursed potions of healing
  H - an uncursed potion of invisibility
  F - 2 uncursed potions of levitation
 Rings    ('=')
  G - an uncursed -1 ring of increase accuracy
  I - a cursed +0 ring of increase damage
  R - an uncursed ring of levitation
 Tools    ('(')
  U - an uncursed credit card
  v - an expensive camera (0:47)
  x - an uncursed skeleton key
  S - an uncursed tin opener
 Gems/Stones  ('*')
  u - 2 uncursed opals
  P - an uncursed worthless piece of black glass
  A - an uncursed worthless piece of violet glass
  N - an uncursed worthless piece of white glass

DeathOnAStick the Tourist's attributes:

Background:
 You were a Sightseer, a level 4 male human Tourist.
 You were neutral, nominally on a mission for The Lady
 who was opposed by Blind Io (lawful) and Offler (chaotic).
 You were right-handed.
 You were in the Dungeons of Doom, on level 6.
 You entered the dungeon 2160 turns ago.
 It was nighttime.
 You had 151 experience points, 9 more were needed to attain level 5.
 Your score was 1077 before end-of-game adjustments.

Basics:
 You had 0 out of 38 hit points.
 You had all 12 energy points (spell power).
 Your armor class was 10.
 Your wallet contained 424 zorkmids.
 Autopickup was off.

Final Characteristics:
 Your strength was 12 (limit:18/100).
 Your dexterity was 10 (limit:18).
 Your constitution was 18 (limit:18).
 Your intelligence was 12 (limit:18).
 Your wisdom was 7 (limit:18).
 Your charisma was 18 (limit:18).

Final Status:
 You were temporarily blind.
 You weren't hungry.
 You were unencumbered.
 You were bare handed.
 You were unskilled in bare handed combat.
 You weren't wearing any armor.

Final Attributes:
 You were piously aligned.
 You were level-drain resistant.
 You were telepathic.
 You aggravated monsters.
 You were a werejackal.
 You were harmed by silver.
 You were unlucky.
 You are dead.

Miscellaneous:
 You didn't encounter any bones levels.
 Total elapsed playing time was 25 minutes and 57 seconds.

Major events:
 Turn
    1: DeathOnAStick the neutral male human Tourist entered the dungeon
  933: attained the rank of Sightseer (level 3)
 2160: killed by a straw golem

You didn't know any spells.

Skills:
 Fighting Skills
   bare handed combat [Unskilled]
   two weapon combat  [Unskilled]
   riding             [Unskilled]
 Weapon Skills
   dagger             [Unskilled]
   knife              [Unskilled]
   axe                [Unskilled]
   pick-axe           [Unskilled]
   short sword        [Unskilled]
   broadsword         [Unskilled]
   long sword         [Unskilled]
   two-handed sword   [Unskilled]
   saber              [Unskilled]
   mace               [Unskilled]
   morning star       [Unskilled]
   flail              [Unskilled]
   hammer             [Unskilled]
   quarterstaff       [Unskilled]
   polearms           [Unskilled]
   spear              [Unskilled]
   trident            [Unskilled]
   lance              [Unskilled]
   bow                [Unskilled]
   sling              [Unskilled]
   crossbow           [Unskilled]
   dart               [Basic]
   shuriken           [Unskilled]
   boomerang          [Unskilled]
   whip               [Unskilled]
   unicorn horn       [Unskilled]
 Spellcasting Skills
   divination spells  [Unskilled]
   enchantment spells [Unskilled]
   escape spells      [Unskilled]

Voluntary challenges:
 Character rerolling was not enabled.
 You were an atheist.
 You never genocided any monsters.
 You never polymorphed an object.
 You used no wishes.
Achievement:
 You attained the rank of Sightseer.

 The Dungeons of Doom: levels 1 to 6
    Level 1:
    Level 2:
       Some fountains.
    Level 3:
       Many fountains.
    Level 4:
    Level 5:
    Level 6: <- You were here.
       Final resting place for
          you, killed by a straw golem.


Vanquished creatures:
  a rock mole
  a yellow light
  a guardian naga hatchling
  2 gray oozes
  a paper golem
  a little dog
  a floating eye
  a kitten
  a werejackal
 an iguana
  a coyote
  2 manes
  2 hobgoblins
  a cave spider
  a yellow mold
  3 garter snakes
  2 geckos
 15 jackals
  a kobold
  2 goblins
  2 sewer rats
  a grid bug
  a bat
  2 lichens
  a kobold zombie
  4 newts
52 creatures vanquished.

No species were genocided or became extinct.

Game over:
                       ----------
                      /          \
                     /    REST    \
                    /      IN      \
                   /     PEACE      \
                  /                  \
                  |  DeathOnAStick   |
                  |      424 Au      |
                  |   killed by a    |
                  |   straw golem    |
                  |                  |
                  |                  |
                  |       2026       |
                 *|     *  *  *      | *
        _________)/\\_//(\/(/\)/\//\/|_)_______

Aloha DeathOnAStick the Tourist...

You died in The Dungeons of Doom on dungeon level 6 with 1056 points,
and 424 pieces of gold, after 2160 moves.
You were level 4 with a maximum of 38 hit points when you died.

